 Dungeon Crawl Stone Soup version 0.29-a0-218-gf2abdc9806 (webtiles) character file.

Game seed: 830571161418905566

1338 Aksej the Cudgeller (level 8, -2/64 HPs)
             Began as a Demonspawn Monk on Feb 25, 2022.
             Slain by a steam dragon (4 damage)
             ... on level 6 of the Dungeon.
             The game lasted 00:13:04 (4502 turns).

Aksej the Cudgeller (Demonspawn Monk)               Turns: 4502, Time: 00:13:04

Health: -2/64      AC:  7    Str: 16    XL:     8   Next: 35%
Magic:  17/17      EV: 14    Int: 17    God:
Gold:   1008       SH:  0    Dex: 17    Spells: 6/7 levels left

rFire   . . .      SeeInvis +   a - +9 whip of the Puffball {freeze, *Noise Str+5 SInv}
rCold   . . .      Faith    .   (no shield)
rNeg    + . .      Spirit   .   n - +0 robe of Ozahirghes {rN+ rCorr Int+4}
rPois   .          Reflect  .   (helmet restricted)
rElec   .          Harm     .   (no cloak)
rCorr   +          Rampage  .   h - +2 pair of gloves
Will    .....                   (no boots)
Stlth   +++.......              j - amulet of regeneration
HPRegen 1.00/turn               d - ring of magical power
MPRegen 0.15/turn               s - +4 ring of slaying

@: no status effects
A: horns 1, sharp scales 2, demonic magic 2
a: no special abilities


You were on level 6 of the Dungeon.
You visited 1 branch of the dungeon, and saw 6 of its levels.
You also visited: Ossuary.

You collected 1008 gold pieces.

Inventory:

Hand Weapons
 a - the +9 whip of the Puffball (weapon) {freeze, *Noise Str+5 SInv}
   (You found it on level 2 of the Dungeon)

   It freezes those it strikes, dealing additional cold damage.
   It can also slow down cold-blooded creatures.
   Str:       It affects your strength (+5).
   SInv:      It lets you see invisible.
   *Noise:    It may make noises in combat.
Missiles
 m - 6 boomerangs (quivered)
Armour
 h - a +2 pair of gloves (worn)
 n - the +0 robe of Ozahirghes (worn) {rN+ rCorr Int+4}
   (You found it in an ossuary)

   Int:       It affects your intelligence (+4).
   rN:        It protects you from negative energy.
   rCorr:     It protects you from acid and corrosion.
Jewellery
 d - a ring of magical power (left hand)
 j - an amulet of regeneration (around neck)
 p - a +6 ring of dexterity
 s - a +4 ring of slaying (right hand)
Scrolls
 g - 3 scrolls of blinking
 i - 2 scrolls of teleportation
 q - a scroll of summoning
 r - 2 scrolls of amnesia
Potions
 b - 2 potions of heal wounds
 c - a potion of flight
 e - 4 potions of brilliance
 f - a potion of invisibility
 k - a potion of might
 l - a potion of curing
 o - a potion of magic {unknown}
 t - a potion of degeneration {unknown}
 u - a potion of resistance {unknown}


   Skills:
 * Level 5.7 Fighting
 + Level 6.6 Maces & Flails
 + Level 2.0 Throwing
 + Level 4.4 Dodging
 + Level 4.0 Stealth
 + Level 0.2 Spellcasting


You had 6 spell levels left.
You knew the following spells:

 Your Spells              Type           Power      Damage    Failure   Level
a - Animate Skeleton      Necr           0%         N/A       22%         1

Your spell library contained the following spells:

 Spells                   Type           Power      Damage    Failure   Level
 Pain                     Necr           0%         1d4       22%         1
 Corpse Rot               Necr/Air       0%         N/A       34%         2
 Gell's Gravitas          Tloc           0%         N/A       56%         3
 Lesser Beckoning         Tloc           0%         N/A       56%         3
 Teleport Other           Tloc           0%         N/A       56%         3
 Tukima's Dance           Hex            0%         N/A       56%         3
 Vampiric Draining        Necr           0%         2d6       56%         3
 Anguish                  Hex/Necr       0%         N/A       92%         4
 Dispel Undead            Necr           0%         3d6       92%         4
 Fireball                 Conj/Fire      0%         3d3       100%        5
 Iskenderun's Battlesphe  Conj           0%         2d6       100%        5
 Conjure Ball Lightning   Conj/Air       0%         3x3d6     100%        6
 Death Channel            Necr           0%         N/A       100%        6
 Enfeeble                 Hex            0%         N/A       100%        7
 Orb of Destruction       Conj           0%         9d5       100%        7


Dungeon Overview and Level Annotations

Branches:
Dungeon (6/15)            Ossuary (visited)
 Temple: D:4-7

Altars:
Cheibriados

Shops:
D:1 =


Innate Abilities, Weirdness & Mutations

You have a pair of small horns on your head.
You are mostly covered in razor-sharp scales. (AC +2, Slay +2)
Spells you cast may paralyse nearby enemies.


Message History

The steam dragon closely misses you.
The steam dragon claws you but does no damage.
The steam dragon bites you. The steam dragon completely misses you.
You whack the steam dragon! You freeze the steam dragon.
You headbutt the steam dragon, but do no damage.
The steam dragon is severely wounded.
The fungus is engulfed in a cloud of scalding steam. x2
The steam dragon barely misses you. The steam dragon claws you.
The steam dragon bites you.
* * * LOW HITPOINT WARNING * * *
The steam dragon misses you.
You hit the steam dragon but do no damage.
The steam dragon is severely wounded.
The fungus is engulfed in a cloud of scalding steam.
The steam dragon completely misses you. The steam dragon closely misses you.
You whack the steam dragon! You freeze the steam dragon.
You kill the steam dragon!
The fungus is engulfed in a cloud of scalding steam. x2
A nearby fungus withers and dies.
The steam dragon breathes steam at you. The ball of steam hits you!
* * * LOW HITPOINT WARNING * * *
The ball of steam hits the fungus!
Your Throwing skill increases to level 2!
Your Stealth skill increases to level 4!
You hit the steam dragon. You freeze the steam dragon.
The steam dragon is moderately wounded.
The fungus is engulfed in a cloud of scalding steam.
A nearby fungus withers and dies.
The steam dragon closely misses you.
The steam dragon claws you but does no damage.
You barely miss the steam dragon.
The steam dragon is moderately wounded.
The steam dragon closely misses you. The steam dragon misses you.
You hit the steam dragon but do no damage.
You headbutt the steam dragon.
The steam dragon is heavily wounded.
The steam dragon bites you.
* * * LOW HITPOINT WARNING * * *
The steam dragon claws you.
You die...

#### #.# ≈....P.
#######.# PP≈.P.#
#.......## .^.P^
##.####.#.## #..^#
...#...###.####..≈#
...#..## ##...#≈.≈#
.......###....#...#
...#..#.#..#..#≈D≈#
...........####.@≈#
#####.#.##.# #^.##
#####.#.##.# #..#
....#.#.##.####≈.#
###.#.#.#.#.##..≈#
###.#.#..###.#..≈#
......###.#.<#.).#
.##.### ##.###≈.≈##
....# #.# #..P≈#


You could see a steam dragon.

Vanquished Creatures
  A steam dragon (D:6)
  A water moccasin (D:4)
  A black bear (D:5)
  3 necrophages (D:5)
  A centaur (D:5)
  A phantom (D:4)
  A scorpion (D:5)
  2 water moccasin zombies (Ossuary)
  A jelly (D:6)
  An orc priest (D:3)
  4 iguanas
  An orc wizard (D:3)
  3 mummies
  8 adders
  An ufetubus (D:5)
  5 adder zombies (Ossuary)
  A worm (D:2)
  A dart slug (D:1)
  17 orcs
  3 bats
  4 endoplasms
  3 giant cockroaches
  3 gnoll zombies (Ossuary)
  5 goblins
  10 hobgoblins
  2 quokkas
  8 ball pythons
  2 frilled lizards
  8 hobgoblin zombies (Ossuary)
  3 kobolds
  4 kobold zombies (Ossuary)
  6 orc zombies (Ossuary)
  5 rats
120 creatures vanquished.

Vanquished Creatures (others)
  6 fungi (D:6)
  9 plants (D:6)
15 creatures vanquished.

Grand Total: 135 creatures vanquished

Notes
Turn   | Place    | Note
-------+----------+-------------------------------------------
     0 | D:1      | Aksej the Demonspawn Monk began the quest for the Orb.
     0 | D:1      | Reached XP level 1. HP: 18/18 MP: 1/1
   132 | D:1      | Found Rifae's Jewellery Boutique.
   383 | D:1      | Found a faded altar of an unknown god.
   389 | D:1      | Gained mutation: Spells you cast may paralyse adjacent
                  | enemies. [demonic ancestry]
   389 | D:1      | Reached XP level 2. HP: 23/24 MP: 2/2
   593 | D:1      | Reached skill level 3 in Maces & Flails
  1378 | D:2      | Gained mutation: You are partially covered in razor-sharp
                  | scales. (AC +1, Slay +1) [demonic ancestry]
  1378 | D:2      | Reached XP level 3. HP: 21/29 MP: 3/3
  1495 | D:2      | Identified the +9 whip of the Puffball {freeze, *Noise
                  | Str+5 SInv}
  2000 | D:3      | Gained mutation: Spells you cast may paralyse nearby
                  | enemies. [demonic ancestry]
  2000 | D:3      | Reached XP level 4. HP: 37/37 MP: 4/4
  2601 | D:3      | Identified a scroll of acquirement
  2601 | D:3      | Acquired 677 gold pieces
  2822 | D:4      | Found a sand-covered staircase.
  2829 | D:4      | Gained mutation: You have a pair of small horns on your
                  | head. [demonic ancestry]
  2829 | D:4      | Reached XP level 5. HP: 42/42 MP: 5/5
  2845 | D:4      | Reached skill level 4 in Maces & Flails
  2849 | D:4      | Identified the +1 spear of the Spheres {flame, rC- rCorr
                  | Str+3}
  2869 | D:4      | Learned a level 1 spell: Animate Skeleton
  2933 | D:4      | Noticed a phantom
  2940 | D:4      | Killed a phantom
  3080 | D:4      | Reached XP level 6. HP: 48/48 MP: 6/6
  3216 | Ossuary  | Entered an ossuary
  3355 | Ossuary  | Reached skill level 5 in Maces & Flails
  3375 | Ossuary  | Identified the +0 robe of Ozahirghes {rN+ rCorr Int+4}
  3420 | D:4      | Noticed a water moccasin
  3425 | D:4      | Killed a water moccasin
  3426 | D:4      | Gained mutation: You are mostly covered in razor-sharp
                  | scales. (AC +2, Slay +2) [demonic ancestry]
  3426 | D:4      | Reached XP level 7. HP: 52/55 MP: 7/7
  3759 | D:5      | Entered Level 5 of the Dungeon
  3776 | D:5      | Found a snail-covered altar of Cheibriados.
  3881 | D:5      | Reached skill level 5 in Fighting
  3924 | D:5      | Identified the +8 fustibalus of Menek {vorpal, rF- rC++
                  | Str+6 Stlth+}
  3987 | D:5      | Reached skill level 6 in Maces & Flails
  4168 | D:5      | Reached XP level 8. HP: 62/62 MP: 8/8
  4192 | D:5      | Reached skill level 1 in Throwing
  4502 | D:6      | HP: 2/64 [steam dragon (5)]
  4502 | D:6      | Slain by a steam dragon

Illustrated notes

Levels and vault maps discovered:
D:1:      dpeg_arrival_stone_temple_mockup, layout_loops_ring,
          shapermc_ecumenical_altar_pompeii, serial_shops, nicolae_shop_trees,
          wad_floor_pattern_untrapped
D:2:      layout_loops_ring
D:3:      layout_loops_corners, minmay_starry_boxes
D:4:      layout_basic, nicolae_ossuary_entry_monument, st_stairs_2
D:5:      minmay_general_purpose_star, layout_basic, slow_altar_1
D:6:      kennysheep_steamy, layout_loops_cross, minmay_temple_entry_overgrown,
          minmay_manual_monstrance

Skill      XL: |  1  2  3  4  5  6  7  8 |
---------------+-------------------------+-----
Dodging        | 3 4 |  4.4
Maces & Flails | 3 4 5 6 |  6.6
Stealth        | 2 3 4 |  4.0
Fighting       | 4 5 |  5.7
Throwing       | 2 |  2.0
Spellcasting   | |  0.2

Action                   |  1- 3 |  4- 6 |  7- 9 || total
-------------------------+-------+-------+-------++-------
Melee: Mace              |    74 |       |       ||    74
       Punch             |     1 |     2 |       ||     3
       Whip              |     7 |   134 |    55 ||   196
       Headbutt          |       |    13 |     6 ||    19
Throw: Boomerang         |       |       |    28 ||    28
 Cast: Animate Skeleton  |       |     1 |     2 ||     3
  Use: Scroll            |     6 |     8 |     1 ||    15
       Potion            |     2 |       |     2 ||     4
 Stab: Sleeping          |     2 |     7 |     1 ||    10
       Distracted        |       |     1 |       ||     1
Armor: Robe              |    14 |    46 |    12 ||    72
Dodge: Dodged            |    42 |    82 |    32 ||   156

Table legend: (Time is in decaauts)
 A = Elapsed time spent in this place.
 B = Non-inter-level travel time spent in this place.
 C = Inter-level travel time spent in this place.
 D = Time resting spent in this place.
 E = Time spent auto-exploring this place.
 F = Levels seen in this place.
 G = Mean time per level.
                   A        B        C        D        E       F      G
               +--------+--------+--------+--------+--------+-----+--------+
         Total |   4498 |   4333 |    165 |      0 |   3563 |   7 |  642.6 |
       Dungeon |   4318 |   4153 |    165 |      0 |   3489 |   6 |  719.7 |
       Ossuary |    179 |    179 |      0 |      0 |     74 |   1 |  179.0 |
               +--------+--------+--------+--------+--------+-----+--------+

Top non-repeatable levels by time:
     D:2: 1189 daAuts
     D:3: 885 daAuts
     D:1: 760 daAuts
     D:4: 744 daAuts
     D:5: 548 daAuts
     D:6: 190 daAuts
 Ossuary: 179 daAuts
